 Dungeon Crawl Stone Soup version 0.31-a0-881-ge136f0c47a (webtiles) character file.

Game seed: 1891027569652552669

258181 Kurtz the Severer (level 19, -11/182 (195) HPs)
             Began as a Naga Delver on Oct 15, 2023.
             Was an Initiate of Gozag.
             Killed from afar by a hellion (19 damage)
             ... with damnation
             ... summoned by a deep elf demonologist
             ... on level 2 of the Vaults.
             The game lasted 01:16:08 (62184 turns).

Kurtz the Severer (Naga Delver)                    Turns: 62184, Time: 01:16:10

HP:   -11/182 (195) AC: 48    Str: 22    XL:     19   Next: 86%
MP:   3/28          EV:  9    Int: 12    God:    Gozag
Gold: 4947          SH: 21    Dex: 22    Spells: 18/18 levels left

rFire   + + .        K - +7 broad axe (flame)
rCold   . . .        B - +0 kite shield
rNeg    . . .        d - +6 crystal plate armour
rPois   +            S - +2 helmet {Int+3}
rElec   +            n - +3 cloak "Seolimes" {rF+}
rCorr   .            H - +3 Mad Mage's Maulers {Infuse+∞ VampMP -Cast}
SInv    +            o - +0 barding {rF+}
Will    ++...        Y - amulet of reflection Stlth
                     Z - ring of Jate Neizes {EV+5 Str+3}
HPRegen 0.50/turn    b - ring of the Burgomaster {rElec MP+9 Int-3 Dex+7}
MPRegen 0.21/turn

%: no spellcasting, reflection, infuse magic (3 MP)
@: studying Polearms, drained, very slow
A: AC +6, large, see invisible, deformed body, poison resistance, slowness 2,
spit poison 1, naga tail 2, iridescent scales 1
}: 2/15 runes: serpentine, barnacled
a: Spit Poison, Renounce Religion, Potion Petition, Call Merchant, Bribe Branch


You were on level 2 of the Vaults.
You worshipped Gozag.
Gozag was most pleased with you.
You visited 7 branches of the dungeon, and saw 33 of its levels.
You also visited: Bailey, Gauntlet, Ice Cave, Volcano and Wizlab.

You collected 13285 gold pieces.
You spent 6068 gold pieces at shops.
You paid 2270 gold pieces to Gozag.

Inventory:

Hand Weapons
 K - a +7 broad axe of flaming (weapon)
 X - a +1 flail of protection
Missiles
 R - 12 curare-tipped darts
 T - 7 javelins
Armour
 d - a +6 crystal plate armour (worn)
 n - the +3 cloak "Seolimes" (worn) {rF+}
   (You bought it in a shop on level 1 of the Lair of Beasts)

   rF+:       It protects you from fire.
 o - a +0 barding of fire resistance (worn)
 B - a +0 kite shield (worn)
 H - the +3 Mad Mage's Maulers (worn) {Infuse+∞ VampMP -Cast}
   (You bought it in a shop on level 1 of the Dungeon)

   Infuse+∞: It empowers its wearer's blows with all of their magic.
   VampMP:    Blows struck in melee replenish the wearer's magic.
   -Cast:     It prevents spellcasting.
 S - a +2 helmet of intelligence (worn)
Jewellery
 b - the ring of the Burgomaster (right hand) {rElec MP+9 Int-3 Dex+7}
   (You bought it in a shop on level 2 of the Shoals)

   [ring of magical power]

   Int-3:     It affects your intelligence (-3).
   Dex+7:     It affects your dexterity (+7).
   rElec:     It insulates you from electricity.
   MP+9:      It affects your magic capacity (+9).
 t - a ring of positive energy
 u - a ring of ice
 I - a ring of protection from fire
 M - a ring of willpower
 O - the ring "Jeculuc" {rCorr Int+6}
   (You took it off a minotaur in a Gauntlet)

   [ring of intelligence]

   Int+6:     It affects your intelligence (+6).
   rCorr:     It protects you from acid and corrosion.
 Y - an amulet of reflection (around neck)
 Z - the ring of Jate Neizes (left hand) {EV+5 Str+3}
   (You bought it in a shop on level 1 of the Lair of Beasts)

   [ring of evasion]

   EV+5:      It affects your evasion (+5).
   Str+3:     It affects your strength (+3).
Wands
 a - a wand of paralysis (19)
 e - a wand of acid (5)
 g - a wand of digging (10)
 j - a wand of mindburst (9)
 G - a wand of flame (20)
 Q - a wand of roots (7)
Scrolls
 c - 6 scrolls of fog
 h - 9 scrolls of immolation
 l - a scroll of revelation
 p - 2 scrolls of fear
 q - 3 scrolls of butterflies
 w - 12 scrolls of teleportation
 x - a scroll of brand weapon
 z - a scroll of silence
 A - 2 scrolls of blinking
 F - 7 scrolls of identify
 J - 7 scrolls of vulnerability
 U - a scroll of poison
Potions
 i - 15 potions of curing
 k - 6 potions of brilliance
 m - 2 potions of invisibility
 r - 7 potions of lignification
 s - 2 potions of magic
 v - 3 potions of enlightenment
 C - 3 potions of attraction
 D - a potion of might
 E - 3 potions of ambrosia
 L - 3 potions of mutation
 N - 4 potions of haste
 P - 5 potions of heal wounds
 V - a potion of resistance
Miscellaneous
 f - a condenser vane
 y - a lightning rod (4/4)
 W - a phantom mirror


   Skills:
 * Level 17.8 Fighting
 - Level 18.0 Axes
 * Level 12.5 Armour
 * Level 9.3 Dodging
 - Level 7.2 Stealth
 * Level 16.9 Shields


You had 18 spell levels left.
You didn't know any spells.
Your spell library contained the following spells:

 Spells                   Type           Power      Damage    Failure   Level
 Apportation              Tloc           0%         N/A       100%        1
 Necrotise                Necr           0%         1d4       100%        1
 Summon Small Mammal      Summ           0%         N/A       100%        1
 Cigotuvi's Dreadful Rot  Necr/Pois/Air  0%         N/A       100%        2
 Ensorcelled Hibernation  Hex/Ice        0%         N/A       100%        2
 Jinxbite                 Hex            0%         N/A       100%        2
 Passwall                 Tmut/Erth      0%         N/A       100%        2
 Scorch                   Fire           0%         2d5       100%        2
 Call Canine Familiar     Summ           0%         N/A       100%        3
 Dazzling Flash           Conj/Hex       0%         N/A       100%        3
 Inner Flame              Hex/Fire       0%         N/A       100%        3
 Ozocubu's Armour         Ice            0%         N/A       100%        3
 Sigil of Binding         Hex            0%         N/A       100%        3
 Summon Guardian Golem    Hex/Summ       0%         N/A       100%        3
 Swiftness                Air            0%         N/A       100%        3
 Tukima's Dance           Hex            0%         N/A       100%        3
 Vampiric Draining        Necr           0%         2d6       100%        3
 Anguish                  Hex/Necr       0%         N/A       100%        4
 Animate Armour           Summ/Erth      0%         N/A       100%        4
 Cause Fear               Hex            0%         N/A       100%        4
 Dimensional Bullseye     Hex/Tloc       0%         N/A       100%        4
 Dispel Undead            Necr           0%         3d6       100%        4
 Flame Wave               Conj/Fire      0%         2d4       100%        4
 Iskenderun's Mystic Bla  Conj/Tloc      0%         2d3       100%        4
 Leda's Liquefaction      Hex/Erth       0%         N/A       100%        4
 Summon Ice Beast         Ice/Summ       0%         N/A       100%        4
 Summon Lightning Spire   Summ/Air       0%         N/A       100%        4
 Agony                    Necr           0%         N/A       100%        5
 Alistair's Intoxication  Tmut/Pois      0%         N/A       100%        5
 Borgnjor's Vile Clutch   Necr/Erth      0%         N/A       100%        5
 Lee's Rapid Deconstruct  Erth           0%         3d4*      100%        5
 Silence                  Hex/Air        0%         N/A       100%        5
 Summon Forest            Summ/Tloc      0%         N/A       100%        5
 Summon Mana Viper        Hex/Summ       0%         N/A       100%        5
 Yara's Violent Unravell  Hex/Tmut       0%         3d3       100%        5
 Death Channel            Necr           0%         N/A       100%        6
 Eringya's Noxious Bog    Tmut/Pois      0%         4d6       100%        6
 Summon Cactus Giant      Summ           0%         N/A       100%        6
 Enfeeble                 Hex            0%         N/A       100%        7
 Monstrous Menagerie      Summ           0%         N/A       100%        7
 Orb of Destruction       Conj           0%         9d5       100%        7
 Ozocubu's Refrigeration  Ice            0%         4d7       100%        7
 Spellforged Servitor     Conj/Summ      0%         N/A       100%        7


Dungeon Overview and Level Annotations

Branches:
Dungeon (15/15)            Temple (1/1) D:4            Lair (5/5) D:10
 Shoals (4/4) Lair:3        Snake (4/4) Lair:2        Slime (0/5) Lair:5
    Orc (2/2) D:12            Elf (0/3) Orc:2        Vaults (1/5) D:13
 Depths (0/4) D:15         Bailey (visited)           IceCv (visited)
Volcano (visited)          WizLab (visited)         Gauntlet (visited)

Altars:
Ashenzari
Cheibriados
Dithmenos
Elyvilon
Fedhas
Gozag
Hepliaklqana
Kikubaaqudgha
Makhleb
Nemelex Xobeh
Okawaru
Qazlal
Ru
Sif Muna
Trog
Uskayaw
Vehumet
Wu Jian
Xom
Yredelemnul
Zin
The Shining One
Jiyva

Shops:
D:1 ([[   D:5 ?   Orc:2 (:[*   Lair:1 [=   Shoals:2 =:   Snake:2 :=:(

Annotations:
D:4 exclusion: downstairs
D:8 exclusion: oklob plant
D:9 exclusion: downstairs
D:13 exclusion: downstairs
D:14 1 runed translucent door
Lair:3 3 runed translucent doors, Lout's ghost, journeyman KoHu
Lair:5 1 runed translucent door
Shoals:2 3 runed translucent doors, Koceploe's ghost, adept MfGl


Innate Abilities, Weirdness & Mutations

Your serpentine skin is tough. (AC +6)
You have supernaturally acute eyesight. (SInv)
Armour fits poorly on your strangely shaped body.
Your system is resistant to poisons. (rPois)
You cover ground very slowly.
You can spit poison.
You can use your snake-like lower body to constrict enemies.
You are partially covered in iridescent scales. (AC +2)


Message History

The hellion gives a hideous shriek!
The hellwing disappears in a puff of smoke!
The ironbound convoker attacks as it pursues you!
You block the ironbound convoker's attack.
The Tzitzimitl calls on the powers of darkness!
The ironbound convoker convulses!
Your body is wracked with pain!
The deep elf demonologist convulses!
The deep elf high priest convulses!
The ironbound thunderhulk convulses!
The rust devil is distracted by your dazzling golden aura.
The ironbound convoker hits you but does no damage.
The ironbound thunderhulk is distracted by your dazzling golden aura.
The Tzitzimitl gestures at you. The bolt of negative energy hits you!!!
You feel drained.
* * * LOW HITPOINT WARNING * * *
The ironbound convoker gestures at the Tzitzimitl while chanting.
The Tzitzimitl seems to grow stronger.
The deep elf high priest calls down the wrath of its god upon you.
Something smites you!
* * * LOW HITPOINT WARNING * * *
The ironbound thunderhulk shouts!
The ironbound thunderhulk is no longer distracted by gold.
The ironbound convoker gestures at the Brimstone Fiend while chanting.
The Brimstone Fiend seems to grow stronger.
Strange energies crackle from the ironbound thunderhulk's apparatus.
The ironbound thunderhulk blinks!
The deep elf high priest calls down the wrath of its god upon you.
Something smites you!
* * * LOW HITPOINT WARNING * * *
Strange energies crackle from the ironbound thunderhulk's apparatus.
The ironbound thunderhulk blinks!
You hear a screech!
The Tzitzimitl calls on the powers of darkness!
The ironbound convoker convulses!
Your body is wracked with pain!
* * * LOW HITPOINT WARNING * * *
The deep elf demonologist convulses!
The stone giant convulses!
The deep elf high priest convulses!
The ironbound thunderhulk convulses!
The hellion gestures at you.
The sphere of damnation explodes!
The damnation engulfs you!!
You die...
Your body crumbles into a pile of gold.

#####################
.....................
......................
..............<....O...
...............@.....#
......................#
.................1....#
................1pe...#
...................eC.#
...................4.2#
............########..#
..........### #$4#
.........## #..§.


You could see a Tzitzimitl (summoned, strong), a Brimstone Fiend (summoned,
strong), a stone giant, an ironbound thunderhulk (strong), a deep elf
demonologist (strong, empowered), 2 orange demons, a deep elf high priest
(brilliance aura), an ironbound convoker (empowered) and a hellion (summoned).

Vanquished Creatures
  Mara (Snake:4)
  A royal mummy (WizLab)
  Vashnia (Snake:2)
  Jorgrun (Snake:2)
  Rupert (D:14)
  2 krakens
  Polyphemus (Shoals:3)
  A storm dragon (Shoals:4)
  A tengu reaver (Vaults:1)
  3 nagarajas (Snake:4)
  A frost giant (D:15)
  A caustic shrike zombie (WizLab)
  6 ironbound preservers (Vaults:1)
  2 vault wardens (Vaults:1)
  2 orc warlords
  An ironbound thunderhulk (Vaults:1)
  A minotaur (Gauntlet)
  An ettin (Orc:2)
  2 entropy weavers (Vaults:1)
  13 merfolk impalers
  Josephine (D:10)
  3 yaktaur captains
  2 merfolk javelineers (Shoals:4)
  3 mummy priests (WizLab)
  2 great orbs of eyes (Vaults:1)
  Fannar (Orc:1)
  A rakshasa (D:15)
  A spriggan zombie (WizLab)
  A catoblepas (Shoals:3)
  4 hydras
  2 vault guards
  2 salamander tyrants (Snake:4)
  An ironbound frostheart (Vaults:2)
  An alligator snapping turtle (Shoals:4)
  2 merfolk avatars (Shoals:4)
  A death knight (D:14)
  2 two-headed ogres
  A satyr (Shoals:4)
  2 tengu warriors (D:15)
  2 merfolk aquamancers (Shoals:4)
  5 boulder beetles
  18 naga warriors
  9 anacondas
  2 death yaks (Shoals:3)
  4 centaur warriors
  6 shock serpents
  3 orc high priests (Orc:2)
  14 naga sharpshooters
  Amaemon (Lair:3)
  3 salamander mystics
  A golden dragon zombie (WizLab)
  4 skysharks
  5 sea snakes
  9 skeletal warriors
  12 deep trolls
  8 naga ritualists
  Lodul (D:10)
  2 tengu zombies (WizLab)
  2 wizards
  10 ironbound convokers
  4 necromancers
  4 harpies (Vaults:1)
  2 deep elf pyromancers
  7 mana vipers
  5 orc knights
  3 fauns (Shoals:2)
  A frost giant zombie (WizLab)
  A stone giant zombie (WizLab)
  10 ugly things
  6 orc sorcerers
  14 manticores
  10 salamanders
  2 ice statues
  8 cyclopes
  44 black mambas
  5 elephants (Lair:5)
  12 merfolk sirens
  A demonspawn zombie (WizLab)
  A fire giant zombie (WizLab)
  A rust devil (Gauntlet)
  16 naga magi
  2 molten gargoyles (Volcano)
  5 vault sentinels (Vaults:1)
  11 water nymphs
  3 guardian serpents
  An orange demon (Lair:3)
  5 gargoyles
  A smoke demon (Gauntlet)
  18 cane toads
  Psyche (D:8)
  7 yaktaurs
  Jeremiah (D:8)
  7 rime drakes
  5 komodo dragons
  3 kobold demonologists (D:12)
  3 efreet (D:14)
  A yaktaur zombie (Vaults:1)
  A tengu conjurer (D:14)
  3 freezing wraiths
  An unseen horror (D:13)
  A yaktaur skeleton (Vaults:1)
  13 ice devils (IceCv)
  2 guardian mummies (WizLab)
  An anaconda simulacrum (IceCv)
  6 trolls
  35 merfolk
  11 wind drakes
  4 hornets (Lair:5)
  A queen bee (Gauntlet)
  8 polar bears
  11 blink frogs
  A wolf spider simulacrum (D:15)
  8 snapping turtles
  23 dream sheep
  A centaur simulacrum (D:15)
  An ettin zombie (WizLab)
  25 slime creatures
  14 spriggans (Lair:5)
  A ynoxinul (Gauntlet)
  2 dire elephant simulacra (IceCv)
  17 water elementals
  3 vampires
  A shadow (D:10)
  7 air elementals (Shoals:4)
  21 humans (D:13)
  A deep troll skeleton (Vaults:1)
  A wyvern (Lair:3)
  26 yaks
  10 wraiths
  Eustachio (D:6)
  8 vampire mosquitoes (D:13)
  5 basilisks
  A steam dragon (D:7)
  5 death yak simulacra (IceCv)
  A redback (Vaults:1)
  A glowing shapeshifter zombie (WizLab)
  A warg (Orc:1)
  A fire bat zombie (WizLab)
  29 nagas
  9 water moccasins
  Edmund (D:6)
  4 hydra simulacra (IceCv)
  2 sky beasts
  An ice beast (D:5)
  47 orc warriors
  5 black bears
  4 boggarts (Lair:5)
  16 ogres
  A human zombie (Vaults:1)
  7 centaurs
  20 wolves
  A phantom (D:4)
  11 bullfrogs
  4 gnoll sergeants
  6 kobold brigands (D:12)
  3 cane toad simulacra (IceCv)
  A scorpion (D:4)
  3 two-headed ogre simulacra (IceCv)
  3 wights (D:8)
  11 killer bees
  3 elephant simulacra (IceCv)
  A human simulacrum (Vaults:1)
  5 electric eels
  6 howler monkeys
  3 crimson imps (Gauntlet)
  7 hounds
  5 jellies
  20 orc priests
  A sleepcap (D:7)
  4 iron imps (Gauntlet)
  4 iguanas
  26 orc wizards
  A troll simulacrum (IceCv)
  5 polar bear simulacra (IceCv)
  4 wolf simulacra (IceCv)
  A mummy (D:6)
  14 gnolls
  5 adders
  A naga simulacrum (IceCv)
  A shadow imp (D:8)
  13 white imps
  An ufetubus (IceCv)
  3 worms
  2 dart slugs
  106 orcs
  4 ball pythons
  6 endoplasms
  2 giant cockroaches
  13 goblins
  8 hobgoblins
  6 jackals
  2 quokkas (D:4)
  4 bats
  6 frilled lizards
  2 goblin skeletons (D:8)
  A goblin zombie (D:8)
  7 hobgoblin zombies
  8 kobolds
  A kobold zombie (D:8)
  An orc skeleton (D:8)
  3 orc zombies
  3 rats
  4 tentacles
1225 creatures vanquished.

Vanquished Creatures (others)
  A nagaraja (Snake:4)
  A deep elf pyromancer (D:12)
  An orc (Orc:2)
  8 tentacles
11 creatures vanquished.

Grand Total: 1236 creatures vanquished

Notes
Turn   | Place    | Note
-------+----------+-------------------------------------------
     0 | D:5      | Kurtz the Naga Delver began the quest for the Orb.
     0 | D:5      | Reached XP level 1. HP: 21/21 MP: 1/1
    18 | D:5      | Reached XP level 2. HP: 19/28 MP: 2/2
    54 | D:5      | Noticed a phantom
    98 | D:5      | Reached skill level 3 in Axes
   223 | D:3      | HP: 1/28 [worm (7)]
   371 | D:3      | Reached XP level 3. HP: 28/34 MP: 3/3
   466 | D:3      | Found a broken altar of Ashenzari.
   566 | D:3      | HP: 1/34 [hound (3)]
   570 | D:3      | Reached skill level 4 in Axes
   570 | D:3      | Reached XP level 4. HP: 2/42 MP: 4/4
  1302 | D:1      | Found Vidohaig's Antique Armour Emporium.
  1396 | D:1      | Found Araen Ninu's Armour Boutique.
  1641 | D:1      | Found Nuopt's Weapon Emporium.
  1656 | D:1      | Bought a +0 war axe for 42 gold pieces
  2368 | D:2      | Reached skill level 5 in Axes
  2427 | D:2      | Reached XP level 5. HP: 25/49 MP: 5/5
  3488 | D:4      | Found a bloodstained altar of Trog.
  3497 | D:4      | Found a radiant altar of Vehumet.
  3743 | D:4      | Reached XP level 6. HP: 56/56 MP: 6/6
  3786 | D:4      | Noticed a shadow
  3788 | D:4      | Found a shadowy altar of Dithmenos.
  3789 | D:4      | Found a hazy altar of Hepliaklqana.
  3807 | D:4      | Found a staircase to the Ecumenical Temple.
  3817 | D:4      | Reached skill level 6 in Axes
  3817 | D:4      | Reached skill level 1 in Armour
  3826 | Temple   | Entered the Ecumenical Temple
  3837 | Temple   | Became a worshipper of Gozag Ym Sagoz the Greedy
  3889 | D:4      | Found a shimmering altar of Xom.
  4400 | D:4      | Reached XP level 7. HP: 58/63 MP: 7/7
  4762 | D:1      | Bought a kite shield for 94 gold pieces
  5001 | D:5      | Found Tevva's Magic Scroll Boutique.
  5005 | D:5      | Bought a scroll of identify for 22 gold pieces
  5385 | D:6      | Reached skill level 7 in Axes
  5385 | D:6      | Reached XP level 8. HP: 64/72 MP: 8/8
  5399 | D:6      | Noticed Edmund
  5408 | D:6      | Killed Edmund
  5453 | D:6      | Found a shimmering blue altar of Sif Muna.
  5515 | D:6      | Reached skill level 8 in Axes
  5743 | D:6      | Found an ancient bone altar of Kikubaaqudgha.
  5911 | D:6      | Noticed Eustachio
  6113 | D:5      | Reached XP level 9. HP: 32/79 MP: 9/9
  6342 | D:6      | Killed Eustachio
  6343 | D:6      | Reached skill level 9 in Axes
  6618 | D:1      | Bought the +3 Mad Mage's Maulers {Infuse+∞ VampMP -Cast}
                  | for 480 gold pieces
  6618 | D:1      | Found the +3 Mad Mage's Maulers {Infuse+∞ VampMP -Cast}
  6772 | D:7      | Found a flagged portal.
  6862 | Bailey   | Entered a bailey
  6893 | Bailey   | Gained mutation: You are partially covered in iridescent
                  | scales. (AC +2) [potion of mutation]
  6964 | Bailey   | Identified a scroll of acquirement
  6966 | Bailey   | Acquired the +8 broad axe of Qyhivik {pain, rElec rPois
                  | Will+}
  7056 | Bailey   | Reached skill level 5 in Fighting
  7056 | Bailey   | Reached skill level 5 in Shields
  7228 | Bailey   | Reached skill level 10 in Axes
  7704 | Bailey   | Noticed an orc knight
  7713 | Bailey   | Killed an orc knight
  7716 | Bailey   | Reached XP level 10. HP: 57/88 MP: 1/10
  7724 | Bailey   | Identified the +7 war axe of the Special Brambles {drain,
                  | rElec}
  8477 | D:7      | Found a burning altar of Makhleb.
  9582 | D:8      | Noticed Psyche
  9593 | D:8      | Killed Psyche
  9858 | D:8      | Found an ornate altar of the Wu Jian Council.
  9872 | D:8      | Reached skill level 5 in Armour
  9872 | D:8      | Reached skill level 5 in Dodging
 10117 | D:1      | Bought a glowing chain mail for 157 gold pieces
 10417 | D:8      | Found a glowing golden altar of the Shining One.
 10769 | D:8      | Found a blossoming altar of Fedhas.
 10783 | D:8      | Noticed an oklob plant
 10852 | D:8      | Noticed Jeremiah
 10866 | D:8      | Killed Jeremiah
 11124 | D:9      | Noticed a two-headed ogre
 11145 | D:9      | Killed a two-headed ogre
 11528 | D:9      | Reached XP level 11. HP: 94/94 MP: 0/11
 12072 | D:10     | Entered Level 10 of the Dungeon
 12072 | D:10     | Found a staircase to the Lair.
 12101 | D:10     | Noticed Lodul
 12634 | D:10     | Killed Lodul
 12757 | D:10     | Found a sacrificial altar of Ru.
 13152 | D:5      | Bought a scroll of enchant armour for 82 gold pieces
 13152 | D:5      | Bought a scroll of teleportation for 33 gold pieces
 13152 | D:5      | Bought a scroll of identify for 22 gold pieces
 13152 | D:5      | Bought a scroll of identify for 22 gold pieces
 13152 | D:5      | Bought a scroll of identify for 22 gold pieces
 13158 | D:5      | Bought a scroll of fear for 44 gold pieces
 13158 | D:5      | Bought a scroll of noise for 11 gold pieces
 13279 | D:10     | Reached skill level 11 in Axes
 13279 | D:10     | Noticed Josephine
 13298 | D:10     | Killed Josephine
 14719 | D:12     | Noticed a two-headed ogre
 14730 | D:12     | Killed a two-headed ogre
 14731 | D:12     | Reached skill level 12 in Axes
 15169 | D:12     | Noticed a deep elf pyromancer
 15316 | D:12     | Found a staircase to the Orcish Mines.
 15380 | D:12     | Reached XP level 12. HP: 83/106 MP: 1/12
 16251 | D:12     | Reached skill level 13 in Axes
 16316 | D:12     | Identified the +1 scale mail of Tibb {Will- Str+6 Int+2
                  | Slay-3}
 16465 | D:12     | Noticed a soul eater
 16727 | D:13     | Noticed a centaur warrior
 16732 | D:13     | Killed a centaur warrior
 16733 | D:13     | Noticed a centaur warrior
 16862 | D:13     | Killed a centaur warrior
 17336 | D:13     | Reached skill level 14 in Axes
 18207 | D:13     | Gained mutation: You can use your snake-like lower body to
                  | constrict enemies. [Naga growth]
 18207 | D:13     | Reached XP level 13. HP: 94/117 MP: 3/13
 18520 | Lair:1   | Entered Level 1 of the Lair of Beasts
 18560 | Lair:1   | Found a gate leading to a gauntlet.
 18569 | Gauntlet | Entered a Gauntlet
 18569 | Gauntlet | Found a transporter.
 18569 | Gauntlet | Found a transporter.
 18570 | Gauntlet | Noticed a reaper
 18609 | Gauntlet | Found a transporter.
 18609 | Gauntlet | Found a transporter.
 18612 | Gauntlet | Found a transporter.
 18614 | Gauntlet | Found a large runed translucent door.
 18615 | Gauntlet | Found a large runed translucent door.
 18616 | Gauntlet | Found a large runed translucent door.
 18616 | Gauntlet | Found a large runed translucent door.
 18616 | Gauntlet | Found a runed translucent door.
 18616 | Gauntlet | Found a runed translucent door.
 18617 | Gauntlet | Found a large runed translucent door.
 18617 | Gauntlet | Found a large runed translucent door.
 18617 | Gauntlet | Found a large runed translucent door.
 18617 | Gauntlet | Found a large runed translucent door.
 18618 | Gauntlet | Found a large runed translucent door.
 18618 | Gauntlet | Found a large runed translucent door.
 18619 | Gauntlet | Found a large runed translucent door.
 18619 | Gauntlet | Found a large runed translucent door.
 18620 | Gauntlet | Found a runed translucent gate.
 18620 | Gauntlet | Found a runed translucent gate.
 18620 | Gauntlet | Found a runed translucent gate.
 18622 | Gauntlet | Found a transporter.
 18626 | Gauntlet | Found a transporter.
 18635 | Gauntlet | Found a transporter.
 18643 | Gauntlet | Found a transporter.
 18661 | Gauntlet | Found a transporter.
 18669 | Gauntlet | Found a transporter.
 18687 | Gauntlet | Found a transporter.
 18732 | Gauntlet | Found a large runed translucent door.
 18732 | Gauntlet | Found a large runed translucent door.
 18735 | Gauntlet | Found a large runed translucent door.
 18735 | Gauntlet | Found a large runed translucent door.
 19063 | Gauntlet | Identified the amulet "Behol" {Acrobat Contam MP+9 Int+4
                  | Dex+4}
 19260 | Gauntlet | Reached skill level 15 in Axes
 19359 | Gauntlet | Identified the ring "Jeculuc" {rCorr Int+6}
 19359 | Gauntlet | Noticed a minotaur
 19368 | Gauntlet | Killed a minotaur
 20750 | D:1      | Bought a +1 flail of protection for 134 gold pieces
 21747 | Lair:2   | Found a staircase to the Snake Pit.
 23163 | Lair:3   | Reached skill level 10 in Fighting
 23205 | Lair:3   | Found a runed translucent gate.
 23205 | Lair:3   | Found a runed translucent gate.
 23205 | Lair:3   | Found a runed translucent gate.
 23221 | Lair:3   | Reached XP level 14. HP: 127/132 MP: 2/14
 23227 | Lair:3   | Noticed Lout's ghost (journeyman KoHu)
 23327 | Lair:3   | Noticed Amaemon
 23336 | Lair:3   | Killed Amaemon
 23451 | Lair:3   | Found a dark tunnel.
 23456 | Volcano  | Entered a volcano
 23567 | Volcano  | Reached skill level 10 in Shields
 24039 | Volcano  | Noticed an orb of fire
 24141 | Volcano  | Noticed an orb of fire
 24381 | Lair:3   | Identified the +5 long sword of the Cursing Gods {drain,
                  | rElec rPois Str-4 Int+2}
 24485 | Lair:3   | Found a staircase to the Shoals.
 25823 | Lair:5   | Entered Level 5 of the Lair of Beasts
 26060 | Lair:5   | Paralysed by a hornet for 3 turns
 27447 | Lair:5   | Reached XP level 15. HP: 146/146 MP: 2/15
 27870 | Lair:5   | Found a viscous altar of Jiyva.
 27871 | Lair:5   | Found a runed translucent door.
 27873 | Lair:5   | Found a staircase to the Slime Pits.
 29063 | Lair:1   | Bought the ring of Jate Neizes {EV+5 Str+3} for 542 gold
                  | pieces
 29162 | Orc:1    | Entered Level 1 of the Orcish Mines
 29657 | Orc:2    | Entered Level 2 of the Orcish Mines
 29698 | Orc:2    | Found a staircase to the Elven Halls.
 29711 | Orc:2    | Found a frozen archway.
 29754 | IceCv    | Entered an ice cave
 30468 | IceCv    | Found an ancient bone altar of Kikubaaqudgha.
 31141 | IceCv    | Identified the ring of Equivalence {rElec rF- rN+ Str+3
                  | SInv}
 31926 | Orc:2    | Noticed an orc warlord
 32481 | Orc:2    | Killed an orc warlord
 32748 | Orc:2    | Found Tuthruorch's Antique Armour Shop.
 32748 | Orc:2    | Found Memon's Antique Weapon Boutique.
 32757 | Orc:2    | Found Wetuqek's General Store.
 32757 | Orc:2    | Found Harasmag's Book Shop.
 32774 | Orc:2    | Bought 3 scrolls of identify for 96 gold pieces
 33345 | Orc:1    | Noticed Fannar
 33351 | Orc:1    | Killed Fannar
 33950 | D:14     | Noticed Rupert
 33960 | D:14     | Killed Rupert
 34150 | D:14     | Noticed an iron dragon
 34151 | D:14     | Noticed a storm dragon
 34151 | D:14     | Found a runed translucent door.
 34153 | D:14     | Noticed a fire giant
 34198 | D:14     | Reached XP level 16. HP: 133/159 MP: 2/16
 34944 | D:15     | Entered Level 15 of the Dungeon
 36043 | D:15     | Reached skill level 16 in Axes
 36384 | D:15     | Found a staircase to the Depths.
 36967 | D:13     | Found a gate to the Vaults.
 37616 | Lair:1   | Bought a faintly glowing cloak for 304 gold pieces
 37616 | Lair:1   | Identified the +3 cloak "Seolimes" {rF+} (You bought it in
                  | a shop on level 1 of the Lair of Beasts)
 37632 | Lair:1   | Bought a runed crystal plate armour for 2656 gold pieces
 37658 | Lair:1   | Bought an ichor-stained chain mail for 304 gold pieces
 37658 | Lair:1   | Identified the +7 chain mail of the King of the Hill {*Slow
                  | Str+4} (You bought it in a shop on level 1 of the Lair of
                  | Beasts)
 37729 | Snake:1  | Entered Level 1 of the Snake Pit
 37956 | Snake:1  | Reached skill level 17 in Axes
 38340 | Snake:1  | Found a glowing silver altar of Zin.
 38464 | Snake:1  | You fall into a shaft and drop 1 floor!
 38733 | Snake:2  | Found Xuestath's Book Shoppe.
 38733 | Snake:2  | Found Foon's Jewellery Shop.
 38735 | Snake:2  | Found Bulu Ang's Book Shoppe.
 38768 | Snake:2  | Noticed Vashnia
 40169 | Shoals:1 | Entered Level 1 of the Shoals
 40169 | Shoals:1 | Noticed a kraken
 40184 | Shoals:1 | Killed a kraken
 40721 | Shoals:1 | Identified the +8 great sword of the End {speed, Drain
                  | Int+3}
 41280 | Shoals:1 | Reached XP level 17. HP: 168/168 MP: 6/17
 42659 | Shoals:2 | Reached skill level 18 in Axes
 42997 | Shoals:2 | Found a runed translucent gate.
 42997 | Shoals:2 | Found a runed translucent gate.
 42997 | Shoals:2 | Found a runed translucent gate.
 43002 | Shoals:2 | Noticed Koceploe's ghost (adept MfGl)
 43098 | Shoals:2 | Found Muolex's Jewellery Boutique.
 43719 | Shoals:2 | Bought the ring of the Burgomaster {rElec MP+9 Int-3 Dex+7}
                  | for 678 gold pieces
 43837 | Shoals:2 | Found Utteof's Book Boutique.
 44598 | Shoals:3 | Reached skill level 15 in Fighting
 44872 | Snake:2  | Killed Vashnia
 45299 | Snake:2  | Noticed Jorgrun
 45316 | Snake:2  | Killed Jorgrun
 45317 | Snake:2  | Reached skill level 10 in Armour
 45814 | Snake:2  | Found Pafutow's Weapon Emporium.
 45926 | Snake:2  | Bought 6 curare-tipped darts for 115 gold pieces
 47873 | Snake:4  | Entered Level 4 of the Snake Pit
 48802 | Snake:4  | Noticed Mara
 48805 | Snake:4  | Killed Mara
 48806 | Snake:4  | Reached XP level 18. HP: 181/181 MP: 5/18
 50172 | Snake:4  | Reached skill level 15 in Shields
 50959 | Snake:4  | Got a serpentine rune of Zot
 51255 | Orc:2    | Bought a potion of haste for 160 gold pieces
 51255 | Orc:2    | Bought a potion of curing for 48 gold pieces
 52362 | Shoals:3 | Noticed Polyphemus
 52373 | Shoals:3 | Killed Polyphemus
 53032 | Shoals:4 | Entered Level 4 of the Shoals
 53370 | Shoals:4 | Paralysed by an air elemental for 1 turns
 53761 | Shoals:4 | Paralysed by an air elemental for 1 turns
 53766 | Shoals:4 | Paralysed by an air elemental for 1 turns
 53838 | Shoals:4 | Identified the +9 scimitar of Twisting Infinite Pain
                  | {freeze, rF+ Will+ Int+3 Dex+2}
 53934 | Shoals:4 | Paralysed by an air elemental for 1 turns
 53940 | Shoals:4 | Paralysed by an air elemental for 1 turns
 54534 | Shoals:4 | Found an ancient bone altar of Kikubaaqudgha.
 55108 | Shoals:4 | Reached XP level 19. HP: 124/190 MP: 4/19
 55540 | Shoals:4 | Paralysed by an air elemental for 1 turns
 56386 | Shoals:4 | Got a barnacled rune of Zot
 57140 | Vaults:1 | Entered Level 1 of the Vaults
 57252 | Vaults:1 | Found a magical portal.
 57274 | WizLab   | Entered Doroklohe's Tomb
 57841 | WizLab   | Noticed a royal mummy
 57857 | WizLab   | Killed a royal mummy
 58367 | WizLab   | Identified the +7 chain mail "Setaitig" {Harm}
 61620 | Vaults:1 | You fall into a shaft and drop 1 floor!
 62175 | Vaults:2 | Noticed a Tzitzimitl
 62178 | Vaults:2 | Noticed a Brimstone Fiend
 62184 | Vaults:2 | HP: 8/182 [???[a deep elf demonologist] (5)]
 62184 | Vaults:2 | Killed from afar by a hellion

Illustrated notes

Levels and vault maps discovered:
D:1:      amcnicky_arrival_single_pillar, layout_basic, serial_shops, shop,
          shop, shop, minmay_pentomino_u4
D:2:      layout_basic
D:3:      layout_basic, mainiacjoe_overflow_boulevard,
          chequers_serial_rivers_small_b
D:4:      layout_rooms, riverfiend_overflow_shadow_ancestor,
          lemuel_doored_altar, mainiacjoe_overflow_big_doors,
          minmay_temple_entry_arrows, dreamdust_wishing_well
D:5:      layout_rooms, serial_shops, nicolae_shop_back_alley_shop
D:6:      layout_loops_cross, mainiacjoe_overflow_six_doors_small, led_sif_book,
          minmay_mini_ossuary, uniq_eustachio, uniq_edmund
D:7:      layout_layer_cave, mainiacjoe_overflow_tiny_flanked, enter_bailey_5
D:8:      layout_rooms, mainiacjoe_overflow_concentric_impassable,
          nicolae_tso_besieged_by_evil, tgw_fedhas, lightli_minifort,
          uniq_jeremiah, uniq_psyche
D:9:      layout_loops_ring
D:10:     layout_rooms, lemuel_tele_altar, lair_entry_dummy, uniq_lodul,
          uniq_josephine
D:11:     layout_roguey
D:12:     layout_loops_corners, kennysheep_orc_monster_closet_entryway
D:13:     layout_small_grid, grunt_vaults_entry_tiered, minmay_splitting_lines
D:14:     minmay_gate_of_8, layout_long_grid, dreamdust_princess_corridor,
          minmay_misc_feat_alley, uniq_rupert
D:15:     grunt_enter_depths_snipers, layout_loops_corners, nicolae_tricolors
Temple:   nicolae_temple_bog_church
Lair:1:   layout_loops_ring, gauntlet_entry_generic, serial_bayou_pond_e,
          st_stairs_8, chequers_serial_rivers_marsh,
          eino_small_chamber_without_monster
Lair:2:   layout_cave_pods, minmay_snake_entry_guardpost_medium
Lair:3:   layout_big_grid, minmay_shoals_entry_beasts, enter_volcano_4,
          maelrawn_ghost_gauntlet_escape, wad_woods_road_04, grunt_megastairs_2,
          uniq_amaemon
Lair:4:   layout_cave_shapes
Lair:5:   minmay_lair_end_enchanted_forest, layout_regular_city, slime_entry_2,
          disabler_island, infiniplex_staircase_pool, grunt_megastairs_1,
          serial_bayou_shore_b
Shoals:1: layout_shoals, nicolae_shoals_gull_way
Shoals:2: layout_shoals, serial_shops, nicolae_shop_back_alley_shop,
          nicolae_book_shop_shelving, gammafunk_ghost_necromancy
Shoals:3: layout_shoals, uniq_polyphemus
Shoals:4: shoals_end_hellmonk_storm_palace [storm_palace_center_square,
          storm_palace_corner_pillars, storm_palace_corner_altar,
          storm_palace_corner_pillars, storm_palace_corner_pillars]
Snake:1:  layout_misc_corridors, basic_altar, grunt_megastairs_4
Snake:2:  layout_cave_shapes, serial_shops, nicolae_shop_window_shopping,
          minmay_shop_grove, uniq_jorgrun, uniq_vashnia
Snake:3:  layout_grid_shapes, grunt_ministairs_9
Snake:4:  grunt_snake_rune_serpentine_throne, layout_cave_town,
          grunt_megastairs_5, uniq_mara
Orc:1:    layout_diamond_mine, uniq_fannar
Orc:2:    st_orc_congregation, layout_diamond_mine, portal_ice_cave_entry_imps
Vaults:1: lightli_enter_wizlab_magi_temple, nicolae_vaults_asterisk, v_misc_19,
          grunt_vaults_swirl, nicolae_vaults_shipping_containers_5,
          nicolae_vaults_stepped_doors, nicolae_vaults_doubleplus_tesselated,
          ontoclasm_vaults_ring_square, ontoclasm_vaults_spin,
          nicolae_vaults_layer_cake_slice, nicolae_vaults_house_3,
          grunt_vaults_funnel, grunt_vaults_hallway_short, v_misc_15, v_rooms_4,
          layout_vaults_omnicross
Vaults:2: nicolae_vaults_big_ls, ontoclasm_vaults_eye,
          nicolae_vaults_tetromino_T_1, v_pattern_1,
          nicolae_vaults_specimen_jars, ontoclasm_vaults_idyll, v_misc_3,
          vaults_mumra_hex, nicolae_vaults_layer_cake_slice,
          ontoclasm_vaults_pinch, dpeg_vaults_monster_box,
          nicolae_vaults_trapezoid_3, layout_vaults_chaotic_city

Skill      XL: |  1  2  3  4  5  6  7  8  9 10 11 12 13 14 15 16 17 18 19 |
---------------+----------------------------------------------------------+-----
Axes           | 3 4 5 6 7 8 10 12 14 15 17 18 | 18.0
Armour         | 1 3 6 7 8 9 10 11 12 | 12.5
Dodging        | 2 4 6 7 8 9 |  9.3
Shields        | 3 4 5 6 7 9 11 13 14 16 | 16.9
Fighting       | 4 5 6 8 10 12 14 15 16 17 | 17.8
Stealth        | |  7.2

Action                     |  1- 3 |  4- 6 |  7- 9 | 10-12 | 13-15 | 16-18 | 19-21 || total
---------------------------+-------+-------+-------+-------+-------+-------+-------++-------
  Melee: Hand axe          |    40 |       |    34 |       |       |       |       ||    74
         Punch             |     1 |     2 |       |       |       |       |       ||     3
         Dire flail        |    28 |   102 |       |       |       |       |       ||   130
         War axe           |       |   114 |   153 |     8 |       |       |       ||   275
         Broad axe         |       |       |    21 |   442 |   902 |   879 |   328 ||  2572
         Constrict         |       |       |       |       |   192 |   209 |    63 ||   464
         Flail             |       |       |       |       |    28 |       |       ||    28
  Throw: Throwing net      |       |       |     1 |       |       |       |     1 ||     2
         Boomerang         |       |       |       |     4 |     2 |       |       ||     6
         Javelin           |       |       |       |     2 |       |       |       ||     2
         Dart              |       |       |       |       |     2 |     2 |       ||     4
 Invoke: Potion Petition   |       |       |       |       |     2 |     1 |       ||     3
         Call Merchant     |       |       |       |       |     1 |     1 |       ||     2
Ability: Spit Poison       |     5 |     2 |     6 |       |       |       |       ||    13
  Evoke: Wand              |     1 |    20 |    37 |    21 |     9 |     9 |     2 ||    99
         Condenser vane    |       |       |       |     1 |     1 |       |       ||     2
         Phantom mirror    |       |       |       |       |     1 |       |       ||     1
    Use: Scroll            |       |     1 |     8 |     8 |     9 |    17 |     4 ||    47
         Potion            |       |     2 |     4 |     2 |     3 |       |       ||    11
   Stab: Sleeping          |     2 |    16 |     6 |     3 |       |       |       ||    27
         Distracted        |       |     2 |     1 |     2 |    10 |    11 |     5 ||    31
         Paralysed         |       |       |     4 |     3 |     1 |       |       ||     8
         Held in net/web   |       |       |       |       |       |       |     1 ||     1
 Armour: Leather armour    |    46 |   158 |   206 |    39 |       |       |       ||   449
         Chain mail        |       |       |       |   395 |   823 |    77 |       ||  1295
         Crystal plate arm |       |       |       |       |       |   554 |   229 ||   783
  Dodge: Dodged            |    31 |   107 |    86 |    79 |   225 |   148 |    75 ||   751
  Block: Kite shield       |       |       |   108 |   252 |   654 |   814 |   255 ||  2083
         Reflection        |       |       |       |       |    25 |   120 |    15 ||   160

Table legend: (Time is in decaauts)
 A = Elapsed time spent in this place.
 B = Non-inter-level travel time spent in this place.
 C = Inter-level travel time spent in this place.
 D = Time resting spent in this place.
 E = Time spent auto-exploring this place.
 F = Levels seen in this place.
 G = Mean time per level.
                   A        B        C        D        E       F      G
               +--------+--------+--------+--------+--------+-----+--------+
         Total |  73002 |  64694 |   8308 |  11863 |  42582 |  38 | 1921.1 |
       Dungeon |  28379 |  22898 |   5481 |   3656 |  15525 |  15 | 1891.9 |
        Temple |     30 |     15 |     15 |      0 |      0 |   1 |   30.0 |
          Lair |  10787 |   9358 |   1429 |    638 |   7395 |   5 | 2157.4 |
        Shoals |  10462 |   9779 |    683 |   2483 |   5917 |   4 | 2615.5 |
     Snake Pit |   9659 |   9255 |    404 |   1306 |   7014 |   4 | 2414.8 |
  Orcish Mines |   3386 |   3091 |    295 |    569 |   1950 |   2 | 1693.0 |
        Vaults |   3843 |   3843 |      0 |    224 |   3144 |   2 | 1921.5 |
        Bailey |   1005 |   1005 |      0 |    521 |    187 |   1 | 1005.0 |
      Ice Cave |   1621 |   1621 |      0 |    982 |    403 |   1 | 1621.0 |
       Volcano |    944 |    944 |      0 |    350 |     42 |   1 |  944.0 |
        Wizlab |   1722 |   1722 |      0 |    855 |    504 |   1 | 1722.0 |
      Gauntlet |   1159 |   1159 |      0 |    276 |    496 |   1 | 1159.0 |
               +--------+--------+--------+--------+--------+-----+--------+

Top non-repeatable levels by time:
Shoals:4: 3491 daAuts
 Snake:4: 3465 daAuts
  Lair:5: 3386 daAuts
Vaults:1: 3221 daAuts
  Lair:2: 2962 daAuts
Shoals:1: 2827 daAuts
    D:12: 2784 daAuts
    D:13: 2618 daAuts
Shoals:3: 2375 daAuts
     D:7: 2353 daAuts
 Snake:1: 2139 daAuts
     D:3: 2090 daAuts
 Snake:2: 2052 daAuts
 Snake:3: 2002 daAuts
    D:14: 2000 daAuts
